 Dungeon Crawl Stone Soup version 0.28-b1-25-g9875b3fc8c (webtiles) character file.

Game seed: 17169224817676028255

14 Lathuz the Skirmisher (level 2, 19/19 HPs)
             Began as a Gargoyle Fighter on Feb 5, 2022.
             Was a High Priest of Ignis.
             Quit the game on level 1 of the Dungeon.
             The game lasted 00:01:45 (259 turns).

Lathuz the Skirmisher (Gargoyle Fighter)             Turns: 259, Time: 00:01:46

Health: 19/19      AC:  9    Str: 19    XL:     2   Next: 45%
Magic:  2/2        EV:  9    Int:  8    God:    Ignis [*****.]
Gold:   9          SH:  4    Dex:  9    Spells: 1/1 levels left

rFire   + . .      SeeInvis .   a - +0 flail
rCold   . . .      Faith    .   c - +0 buckler
rNeg    + . .      Spirit   .   b - +0 scale mail
rPois   ∞          Reflect  .   (no helmet)
rElec   +          Harm     .   (no cloak)
rCorr   .          Rampage  .   (no gloves)
Will    .....                   (no boots)
Stlth   ..........              (no amulet)
HPRegen 0.06/turn               (no ring)
MPRegen 0.08/turn               (no ring)

@: no status effects
A: sickness immunity, AC +2, negative energy resistance 1, electricity
resistance, torment resistance 1, petrification resistance
a: Renounce Religion, Fiery Armour, Foxfire Swarm, Rising Flame


You were on level 1 of the Dungeon.
You worshipped Ignis.
Ignis was extremely pleased with you.
You visited 1 branch of the dungeon, and saw 1 of its levels.

You collected 9 gold pieces.

Inventory:

Hand Weapons
 a - a +0 flail (weapon)
Armour
 b - a +0 scale mail (worn)
 c - a +0 buckler (worn)
Scrolls
 d - a scroll of teleportation {unknown}
 g - a scroll of identify {unknown}
Potions
 e - a potion of attraction {unknown}
 f - a potion of degeneration {unknown}
 h - a potion of invisibility {unknown}
 M - a potion of might


   Skills:
 + Level 3.6 Fighting
 * Level 2.7 Maces & Flails
 - Level 3.2 Armour
 - Level 3.2 Shields


You had one spell level left.
You didn't know any spells.
Your spell library contained the following spells:

 Spells                   Type           Power      Damage    Failure   Level
 Sandblast                Erth           0%         2d4       86%         1
 Ensorcelled Hibernation  Hex/Ice        0%         N/A       95%         2
 Passwall                 Tmut/Erth      0%         N/A       95%         2
 Stone Arrow              Conj/Erth      0%         3d7       99%         3
 Swiftness                Air            0%         N/A       99%         3
 Alistair's Intoxication  Tmut/Pois      0%         N/A       100%        5
 Borgnjor's Vile Clutch   Necr/Erth      0%         N/A       100%        5
 Eringya's Noxious Bog    Tmut/Pois      0%         N/A       100%        6


Dungeon Overview and Level Annotations

Branches:
Dungeon (1/15)

Altars:
Ignis


Innate Abilities, Weirdness & Mutations

You are immune to sickness and miasma.
Your stone body is resilient. (AC +2)
You are immune to poison.
You resist negative energy. (rN+)
You are resistant to electric shocks. (rElec)
You are resistant to unholy torment.
You are immune to petrification.


Message History

You kill the rat!
No target in view!
You drop a staff of death.
A dart slug comes into view.
The dart slug launches a dart at you. The dart slug launches a dart at you.
You sock the dart slug!
The dart slug is almost dead.
The dart slug launches a dart at you.
You sock the dart slug!
You kill the dart slug!
No target in view!
You pick up a book of Geomancy and begin reading...
You add the spells Sandblast and Stone Arrow to your library.
You see here a +0 hand axe.
A quokka comes into view.
Okay, then.
You sock the quokka!
You kill the quokka!
No target in view!
Found a faded altar of an unknown god.
You see here a quokka corpse.
A bat and a hobgoblin come into view.
The hobgoblin shouts!
A rat comes into view.
You sock the bat!
You kill the bat!
You closely miss the rat. You thump the hobgoblin!
You kill the hobgoblin!
You thump the rat!
You kill the rat!
No target in view!
You hit the plant but do no damage.
You see here a bat corpse.
There is a faded altar of an unknown god here.
You cannot tell which god this altar belongs to.
Convert to them anyway?
Ignis accepts your prayer! Ignis welcomes you!
Are you sure you want to abandon this character and quit the game? (Confirm with "yes".)

#. #+## ##.
#...# ....##
...... .#.#...
...... #.....P.
......
......♣.♣♣.P....
...#..♣..P♣.....
.....P.♣@P......
...#..PP...P....
.....PP.†P♣....#
#.#....P.....##
##.†.....#.#
#.####†#####.#
#..........#.##
######.###....##
#.# #.....#


There were no monsters in sight!

Vanquished Creatures
  A dart slug (D:1)
  3 hobgoblins (D:1)
  3 jackals (D:1)
  A quokka (D:1)
  A bat (D:1)
  2 rats (D:1)
11 creatures vanquished.

Notes
Turn   | Place    | Note
-------+----------+-------------------------------------------
     0 | D:1      | Lathuz the Gargoyle Fighter began the quest for the Orb.
     0 | D:1      | Reached XP level 1. HP: 14/14 MP: 1/1
   107 | D:1      | Reached XP level 2. HP: 19/19 MP: 2/2
   242 | D:1      | Found a faded altar of an unknown god.
   258 | D:1      | Prayed at the altar of an unknown god.
   258 | D:1      | Became a worshipper of Ignis, the Dying Flame
   259 | D:1      | Quit the game

Illustrated notes

Levels and vault maps discovered:
D:1:      lemuel_arrival_room, layout_loops_corners,
          dreamdust_ecumenical_altar_grove

Action                   || total
-------------------------++-------
Melee: Flail             ||    26
Armor: Scale mail        ||    19
Dodge: Dodged            ||    11
Block: Buckler           ||     4
